[Event "EYCC Girls U20 2021"]
[Site "Tornelo"]
[Date "2021.10.15"]
[Round "6.1"]
[White "Heydarova, Aytaj"]
[Black "Radeva, Viktoria"]
[Result "0-1"]
[ECO "B42"]
[WhiteElo "1637"]
[BlackElo "2314"]
[Annotator "RC"]
[PlyCount "79"]
[EventDate "2021.10.15"]
[EventType "swiss"]
[EventCountry "NET"]
[SourceTitle "playchess.com"]
[Source "ChessBase"]
[SourceQuality "1"]
[TimeControl "5400+30"]

1. e4 c5 2. Nf3 e6 3. d4 cxd4 4. Nxd4 a6 5. Bd3 Nf6 6. O-O Qc7 7. Qe2 d6 8. c4 g6 9. Nc3 Bg7 10. Nf3 O-O 11. Bf4 Nh5 12. Be3 Bxc3 13. bxc3 Nd7 14. Nd2 e5 15. Bc2 Nc5 16. Bh6 Re8 17. Rfd1 Be6 18. Nf1 Nf4 19. Qf3 Bxc4 20. Bxf4 exf4 21. Qxf4 Bxf1 22. Kxf1 Nxe4 23. Bb3 Rad8 24. Rac1 Re5 25. Bd5 Nxf2 26. Qxf7+ Qxf7 27. Bxf7+ Kxf7 28. Kxf2 Ke6 29. Rd2 Rf8+ 30. Kg1 Rc8 31. Kf2 Rc4 32. h3 b5 33. Rcd1 d5 34. Rd3 Rf4+ 35. Kg3 Rfe4 36. R1d2 Re3+ 37. Kf2 Rxd3 38. Rxd3 Re4 39. Kf3 Kd6 40. Kg3 0-1

[Event "EYCC Girls U20 2021"]
[Site "Tornelo"]
[Date "2021.10.15"]
[Round "9.1"]
[White "Konecny, Sophie"]
[Black "Heydarova, Aytaj"]
[Result "1/2-1/2"]
[ECO "E68"]
[WhiteElo "1864"]
[BlackElo "1637"]
[Annotator "NA"]
[PlyCount "34"]
[EventDate "2021.10.15"]
[EventType "swiss"]
[EventCountry "NET"]
[SourceTitle "playchess.com"]
[Source "ChessBase"]
[SourceQuality "1"]
[TimeControl "5400+30"]

1. d4 Nf6 2. Nf3 g6 3. g3 Bg7 4. Bg2 O-O 5. O-O d6 6. c4 Nbd7 7. Nc3 e5 8. e4 Qe7 9. Re1 a5 10. b3 exd4 11. Nxd4 Nc5 12. Rb1 Re8 13. Bb2 Rb8 14. h3 Nfd7 15. f4 Nb6 16. Kh2 Bd7 17. Ndb5 Bc6 1/2-1/2

[Event "EYCC Girls U20 2021"]
[Site "Tornelo"]
[Date "2021.10.15"]
[Round "9.2"]
[White "Afonasieva, Anna"]
[Black "Nosacheva, Mariya"]
[Result "1/2-1/2"]
[ECO "B73"]
[WhiteElo "2227"]
[BlackElo "2239"]
[Annotator "ChessBase"]
[PlyCount "30"]
[EventDate "2021.10.15"]
[EventType "swiss"]
[EventCountry "NET"]
[SourceTitle "playchess.com"]
[Source "ChessBase"]
[SourceQuality "1"]
[TimeControl "5400+30"]

1. e4 c5 2. Nf3 Nc6 3. Nc3 g6 4. d4 cxd4 5. Nxd4 Bg7 6. Be3 Nf6 7. Be2 O-O 8. O-O d6 9. Qd2 Ng4 10. Bxg4 Bxg4 11. Nxc6 bxc6 12. h3 Bd7 13. Bh6 Rb8 14. Bxg7 Kxg7 15. b3 Qa5 1/2-1/2

[Event "EYCC Girls U20 2021"]
[Site "Tornelo"]
[Date "2021.10.15"]
[Round "9.3"]
[White "Schulze, Lara"]
[Black "Bucur, Denisa-Andreea"]
[Result "1/2-1/2"]
[ECO "B42"]
[WhiteElo "2250"]
[BlackElo "2049"]
[Annotator "ChessBase"]
[PlyCount "63"]
[EventDate "2021.10.15"]
[EventType "swiss"]
[EventCountry "NET"]
[SourceTitle "playchess.com"]
[Source "ChessBase"]
[SourceQuality "1"]
[TimeControl "5400+30"]

1. e4 c5 2. Nf3 e6 3. d4 cxd4 4. Nxd4 a6 5. Bd3 Nf6 6. O-O Qc7 7. Qe2 d6 8. f4 Nbd7 9. c4 Be7 10. Nc3 b6 11. Be3 Bb7 12. f5 e5 13. Nc2 Nc5 14. Bg5 Rc8 15. Bxf6 Bxf6 16. Ne3 Nxd3 17. Qxd3 Bg5 18. Kh1 O-O 19. f6 Qc5 20. fxg7 Rfd8 21. Nf5 Qxc4 22. Qg3 h6 23. h4 Bf4 24. Ne7+ Kh7 25. Qf3 Qe6 26. Nxc8 Rxc8 27. Nd5 Bxd5 28. exd5 Qg6 29. g3 Qxg3 30. Qxg3 Bxg3 31. Rxf7 Rc2 32. Rf3 1/2-1/2

[Event "EYCC Girls U20 2021"]
[Site "Tornelo"]
[Date "2021.10.15"]
[Round "9.4"]
[White "Radeva, Viktoria"]
[Black "Sliwicka, Alicja"]
[Result "1/2-1/2"]
[ECO "B59"]
[WhiteElo "2314"]
[BlackElo "2304"]
[Annotator "ChessBase"]
[PlyCount "43"]
[EventDate "2021.10.15"]
[EventType "swiss"]
[EventCountry "NET"]
[SourceTitle "playchess.com"]
[Source "ChessBase"]
[SourceQuality "1"]
[TimeControl "5400+30"]

1. e4 c5 2. Nf3 Nc6 3. d4 cxd4 4. Nxd4 Nf6 5. Nc3 d6 6. Be2 e5 7. Nb3 Be7 8. O-O O-O 9. Kh1 a5 10. Be3 a4 11. Nd2 a3 12. bxa3 d5 13. exd5 Nxd5 14. Nxd5 Qxd5 15. Nc4 Qxd1 16. Rfxd1 Be6 17. Rab1 Ra4 18. Nb6 Rxa3 19. Bc4 Bxc4 20. Nxc4 Rxa2 21. Rxb7 Rxc2 22. Nxe5 1/2-1/2

[Event "EYCC Girls U20 2021"]
[Site "Tornelo"]
[Date "2021.10.15"]
[Round "9.5"]
[White "Cvitan, Ena"]
[Black "Hereklioglu, Sude"]
[Result "1-0"]
[ECO "A70"]
[WhiteElo "2260"]
[BlackElo "1905"]
[Annotator "ChessBase"]
[PlyCount "85"]
[EventDate "2021.10.15"]
[EventType "swiss"]
[EventCountry "NET"]
[SourceTitle "playchess.com"]
[Source "ChessBase"]
[SourceQuality "1"]
[TimeControl "5400+30"]

1. d4 Nf6 2. c4 c5 3. d5 e6 4. Nc3 exd5 5. cxd5 d6 6. e4 g6 7. h3 Bg7 8. Nf3 O-O 9. Bd3 Re8 10. O-O a6 11. a4 b6 12. Bf4 Qc7 13. Re1 Nbd7 14. Qd2 c4 15. Bc2 Rb8 16. Nd4 Bb7 17. Ncb5 axb5 18. Nxb5 Qd8 19. Nxd6 Ne5 20. Nxe8 Qxe8 21. a5 bxa5 22. Rxa5 Nh5 23. Bh2 c3 24. Qxc3 Rc8 25. Qb3 Nc4 26. Rb5 Nd2 27. Qb4 Rc4 28. Qa5 Rxc2 29. Rxb7 Be5 30. d6 Bxd6 31. Bxd6 Kg7 32. Qe5+ Qxe5 33. Bxe5+ Kf8 34. Ra1 Rc8 35. f3 Re8 36. Rb8 Nc4 37. Raa8 Rxb8 38. Bxb8 Ke7 39. b3 Nb2 40. Ra7+ Ke6 41. Ra6+ Ke7 42. g4 Nf6 43. Be5 1-0